 Dungeon Crawl Stone Soup version 0.22.1-2-g9c5b331 (webtiles) character file.

372 diana the Slasher (level 6, -6/43 HPs)
             Began as an Octopode Gladiator on Nov 24, 2018.
             Mangled by Duvessa
             ... wielding a +0 short sword
              (7 damage)
             ... on level 5 of the Dungeon.
             The game lasted 00:03:54 (3307 turns).

diana the Slasher (Octopode Gladiator)              Turns: 3307, Time: 00:03:54

Health: -6/43      AC:  1    Str: 13 (16) XL:     6   Next: 71%
Magic:  6/6        EV: 13    Int: 17 (19) God:
Gold:   254        SH:  5    Dex: 10 (13) Spells: 5/5 levels left

rFire    + . .     SeeInvis +   a - +0 long sword
rCold    . . .     Gourm    .   g - +0 buckler
rNeg     . . .     Faith    .   b - +0 hat
rPois    .         Spirit   .   l - +2 amulet of reflection
rElec    .         Reflect  +   (no ring)
rCorr    .         Harm     .   (no ring)
MR       .....                  (no ring)
Stlth    ++........             (no ring)
HPRegen  0.14/turn              (no ring)
MPRegen  0.10/turn              (no ring)
                                (no ring)
                                (no ring)

@: brilliant, flying
A: almost no armour, stealthy swim, amphibious, 8 rings, constrict 8, camouflage
1, see invisible, clever 2, fire resistance 1, gelatinous body 1
a: no special abilities


You were on level 5 of the Dungeon.
You were hungry.

You visited 1 branch of the dungeon, and saw 5 of its levels.

You collected 254 gold pieces.

Inventory:

Hand Weapons
 a - a +0 long sword (weapon)
Missiles
 c - 3 throwing nets (quivered)
Armour
 b - a +0 hat (worn)
 g - a +0 buckler (worn)
Jewellery
 l - a +2 amulet of reflection (around mantle)
Wands
 u - a wand of flame (22)
Scrolls
 e - a scroll of random uselessness {unknown}
 f - a scroll of teleportation {unknown}
 h - 2 scrolls of remove curse {unknown}
 m - 6 scrolls of identify {unknown}
 n - a scroll of enchant weapon {unknown}
 o - 2 scrolls of enchant armour {unknown}
 p - 3 scrolls of magic mapping {unknown}
 q - 2 scrolls of immolation {unknown}
 s - a scroll of amnesia {unknown}
 t - a scroll of blinking {unknown}
Potions
 i - a potion of brilliance
 j - a potion of mutation
Comestibles
 d - 4 rations
 w - a chunk of flesh


   Skills:
 + Level 4.2 Fighting
 * Level 6.2 Long Blades
 - Level 2.0 Throwing
 - Level 3.0 Dodging


You had 5 spell levels left.
You didn't know any spells.
Your spell library was empty.

Dungeon Overview and Level Annotations

Branches:
Dungeon (5/15)
 Temple: D:4-7

Altars:
Fedhas
Makhleb
Okawaru
Yredelemnul
The Shining One

Annotations:
D:5 Dowan, Duvessa


Innate Abilities, Weirdness & Mutations

You cannot wear most types of armour.
You are very stealthy in the water. (Stealth+)
You are amphibious.
You can wear up to eight rings at the same time.
You can use your tentacles to constrict eight enemies at once.
Your skin changes colour to match your surroundings (Stealth+).
Your rubbery body absorbs attacks. (AC +1, EV +1)
You have supernaturally acute eyesight. (SInv)
Your mind is very acute. (Int +4)
Your flesh is heat resistant. (rF+)


Message History

Duvessa is lightly wounded.
Duvessa hits you with a short sword.
You hit Duvessa but do no damage.
Duvessa is lightly wounded.
You constrict Duvessa. Duvessa hits you with a short sword!
* * * LOW HITPOINT WARNING * * *
Duvessa misses you.
You riposte.
You hit Duvessa but do no damage. You squeeze Duvessa, but do no damage.
Duvessa is lightly wounded.
Your shield prevents you from hitting Duvessa.
You squeeze Duvessa, but do no damage.
Duvessa is lightly wounded.
You constrict Duvessa, but do no damage.
You block Duvessa's attack.
You slash Duvessa!
Duvessa is moderately wounded.
You constrict Duvessa. Duvessa hits you with a short sword.
* * * LOW HITPOINT WARNING * * *
Duvessa hits you with a short sword!
You die...

.#.._..#....#
...P.P...#..#
##.......#.##
###.......#
#.#..####
#.#....#
#....#.# #+###
######.##.....#
#.@ee....#
#####....# ..#
#


You could see Duvessa and Dowan.

Vanquished Creatures
  3 howler monkeys (D:4)
  A bullfrog skeleton (D:5)
  A hound (D:4)
  A worker ant (D:4)
  An orc wizard (D:4)
  7 adders
  4 worms
  A dart slug (D:1)
  2 leopard geckos
  4 orcs (D:4)
  A ball python (D:4)
  4 giant cockroaches
  7 goblins
  8 hobgoblins
  A quokka (D:4)
  6 bats
  5 frilled lizards
  6 kobolds
  A leopard gecko skeleton (D:4)
  9 rats
73 creatures vanquished.

Notes
Turn   | Place    | Note
-------+----------+-------------------------------------------
     0 | D:1      | diana the Octopode Gladiator began the quest for the Orb.
     0 | D:1      | Reached XP level 1. HP: 14/14 MP: 1/1
   114 | D:1      | Reached XP level 2. HP: 19/19 MP: 2/2
   369 | D:1      | Reached XP level 3. HP: 25/25 MP: 3/3
   681 | D:2      | Reached skill level 4 in Long Blades
   907 | D:2      | Reached XP level 4. HP: 19/30 MP: 4/4
  1340 | D:2      | Found a glowing golden altar of the Shining One.
  1736 | D:3      | Found a blossoming altar of Fedhas.
  2156 | D:3      | Found a burning altar of Makhleb.
  2289 | D:4      | Reached skill level 5 in Long Blades
  2289 | D:4      | Reached XP level 5. HP: 32/36 MP: 5/5
  2451 | D:4      | Found an iron altar of Okawaru.
  2652 | D:4      | Reached XP level 6. HP: 43/43 MP: 6/6
  2666 | D:4      | Reached skill level 6 in Long Blades
  3276 | D:5      | Entered Level 5 of the Dungeon
  3276 | D:5      | Found a basalt altar of Yredelemnul.
  3297 | D:5      | Noticed Duvessa
  3297 | D:5      | Noticed Dowan
  3299 | D:5      | Gained mutation: Your flesh is heat resistant. (rF+)
                  | [potion of mutation]
  3299 | D:5      | Gained mutation: Your mind is acute. (Int +2) [potion of
                  | mutation]
  3299 | D:5      | Gained mutation: Your mind is very acute. (Int +4) [potion
                  | of mutation]
  3299 | D:5      | Gained mutation: You have supernaturally acute eyesight.
                  | (SInv) [potion of mutation]
  3307 | D:5      | HP: 1/43 [Duvessa/short sword (6)]
  3307 | D:5      | Mangled by Duvessa

Skill      XL: |  1  2  3  4  5  6 |
---------------+-------------------+-----
Long Blades    | 4 5 6 |  6.2
Fighting       | 3 4 |  4.2
Throwing       | |  2.0
Dodging        | |  3.0

Action                   |  1- 3 |  4- 6 || total
-------------------------+-------+-------++-------
Melee: Long sword        |    54 |    73 ||   127
       Tentacles         |    11 |    22 ||    33
       Constrict         |    19 |    24 ||    43
  Use: Potion            |       |     5 ||     5
 Stab: Sleeping          |    12 |     7 ||    19
       Distracted        |       |     2 ||     2
  Eat: Chunk             |       |     7 ||     7
Armor: Skin              |     3 |     2 ||     5
Dodge: Dodged            |    25 |    33 ||    58
Block: Buckler           |     4 |    18 ||    22
       Rpst.: Long sword |     6 |    14 ||    20
